 Dungeon Crawl Stone Soup version 0.29.0-4-gdea44cf6ec (webtiles) character file.

Game seed: 4509699148322286363

3 qw the Trooper (level 1, 0/21 HPs)
             Began as a Gargoyle Berserker on Sept 7, 2022.
             Was a Follower of Trog.
             Slain by a quokka (4 damage)
             ... on level 1 of the Dungeon.
             The game lasted 00:00:02 (31 turns).

qw the Trooper (Gargoyle Berserker)                   Turns: 31, Time: 00:00:03

Health: 0/21       AC:  4    Str: 20    XL:     1   Next: 50%
Magic:  1/1        EV: 11    Int:  7    God:    Trog [*.....]
Gold:   0          SH:  0    Dex:  9    Spells: 0/0 levels left

rFire   . . .      SeeInvis .   a - +0 hand axe
rCold   . . .      Faith    .   (no shield)
rNeg    + . .      Spirit   .   b - +0 animal skin
rPois   inf        Reflect  .   (no helmet)
rElec   +          Harm     .   (no cloak)
rCorr   .          Rampage  .   (no gloves)
Will    .....                   (no boots)
Stlth   ..........              (no amulet)
HPRegen 0.07/turn               (no ring)
MPRegen 0.07/turn               (no ring)

@: berserking, very quick
A: sickness immunity, AC +2, negative energy resistance 1, electricity
resistance, torment resistance 1, petrification resistance
a: Renounce Religion, Berserk


You were on level 1 of the Dungeon.
You worshipped Trog.
Trog was aware of your devotion.
You visited 1 branch of the dungeon, and saw 1 of its levels.


Innate Abilities, Weirdness & Mutations

You are immune to sickness and miasma.
Your stone body is resilient. (AC +2)
You are immune to poison.
You resist negative energy. (rN+)
You are resistant to electric shocks. (rElec)
You are resistant to unholy torment.
You are immune to petrification.


   Skills:
 - Level 3.2 Fighting
 + Level 2.9 Axes
 - Level 2.1 Armour
 - Level 1.5 Dodging


You couldn't memorise any spells.
You didn't know any spells.
Your spell library was empty.

Inventory:

Hand Weapons
 a - a +0 hand axe (weapon)
Armour
 b - a +0 animal skin (worn)

Dungeon Overview and Level Annotations

Branches:
Dungeon (1/15)

Altars:


Message History

The hobgoblin shouts!
A quokka comes into view.
20 ||| Stepping ~*~*~tactically~*~*~ (stealth).
Found 4 gold pieces.
21 ||| Stepping ~*~*~tactically~*~*~ (stealth).
A bat comes into view.
Found 2 gold pieces.
22 ||| Stepping ~*~*~tactically~*~*~ (stealth).
The bat closely misses you.
You hit the bat.
The bat is severely wounded.
You closely miss the hobgoblin. The bat barely misses you.
The bat closely misses you. The hobgoblin hits you.
You closely miss the bat. Your punch misses the bat.
The bat is severely wounded.
You closely miss the hobgoblin.
The bat hits you but does no damage. x2; The hobgoblin hits you.
26 ||| INVOKING Berserk.
You fail to use your ability.
The bat misses you.
The hobgoblin hits you but does no damage.
27 ||| INVOKING Berserk.
A red film seems to cover your vision as you go berserk!
You feel yourself moving faster!
You feel mighty! The hobgoblin closely misses you. The bat barely misses you.
You barely miss the bat.
The bat is moderately wounded.
You barely miss the hobgoblin. The bat hits you but does no damage.
The hobgoblin hits you.
You closely miss the hobgoblin. The bat hits you. The bat barely misses you.
The hobgoblin hits you.
You slash the bat!
You kill the bat!
Trog accepts your kill.
You hit the hobgoblin. You hit the hobgoblin.
You kill the hobgoblin!
Trog accepts your kill.
You closely miss the quokka. The quokka bites you.
You die...

.........$......
.........$.......
.#..#...#..#..#..
........?........
.................
.#..8...8..#..#..
........r........
.......@%........
.#..#...#..#..#..
.................
..................
..#..#..%#..#..#..
....(............#
.................#
..#..#...#..#...##
#.............###


You could see a quokka.

Vanquished Creatures
  A dart slug (D:1)
  A hobgoblin (D:1)
  A bat (D:1)
3 creatures vanquished.

Notes
Turn   | Place    | Note
-------+----------+-------------------------------------------
     0 | D:1      | qw the Gargoyle Berserker began the quest for the Orb.
     0 | D:1      | Reached XP level 1. HP: 14/14 MP: 1/1
     0 | D:1      | 0 ||| qw: Version: 0.1-a-108-g9e35731
     0 | D:1      | 0 ||| qw: Game counter: 6421
     0 | D:1      | 0 ||| qw: Always use a shield: true
     0 | D:1      | 0 ||| qw: Do Orc after D:15 true
     0 | D:1      | 0 ||| qw: Do second Lair branch before Depths: true
     0 | D:1      | 0 ||| qw: Lair rune preference: random
     0 | D:1      | 0 ||| qw: Plans: Normal
     0 | D:1      | 0 ||| PLANNING D:1-11
     3 | D:1      | 3 ||| Stepping ~*~*~tactically~*~*~ (hiding).
     4 | D:1      | 4 ||| Stepping ~*~*~tactically~*~*~ (hiding).
    20 | D:1      | 20 ||| Stepping ~*~*~tactically~*~*~ (stealth).
    21 | D:1      | 21 ||| Stepping ~*~*~tactically~*~*~ (stealth).
    22 | D:1      | 22 ||| Stepping ~*~*~tactically~*~*~ (stealth).
    26 | D:1      | 26 ||| INVOKING Berserk.
    27 | D:1      | 27 ||| INVOKING Berserk.
    29 | D:1      | HP: 4/21 [hobgoblin (3)]
    31 | D:1      | Slain by a quokka

Levels and vault maps discovered:
D:1:      co_arrival_hall_of_pillars, layout_basic,
          ebering_ecumenical_altar_rust, minmay_heptomino_l4

Action                   || total
-------------------------++-------
Melee: Hand axe          ||    13
Invok: Berserk           ||     1
Armor: Animal skin       ||     8
Dodge: Dodged            ||     8

Table legend:
 A = Non-vault XP
 B = Vault XP
 C = Vault XP percentage of total XP
 D = Non-vault monster count
 E = Vault monster count
 F = Vault count percentage of total count
                 A         B        C        D         E       F
            +---------+---------+-------+---------+---------+-------
      Total |       7 |       0 |   0.0 |       3 |       0 |   0.0
            +---------+---------+-------+---------+---------+-------
        D:1 |       7 |       0 |   0.0 |       3 |       0 |   0.0
            +---------+---------+-------+---------+---------+-------
